 Dungeon Crawl Stone Soup version 0.19.0-19-g8c6edcc (webtiles) character file.

8453 Minion the Grappler (level 11, -1/94 HPs)
             Began as a Troll Monk on Nov 12, 2016.
             Was a Priest of Cheibriados.
             Slain by an eight-headed hydra (10 damage)
             ... on level 1 of the Lair of Beasts.
             The game lasted 00:50:37 (8674 turns).

Minion the Grappler (Troll Monk)                    Turns: 8674, Time: 00:50:38

Health: -1/94      AC:  9    Str: 30    XL:     11   Next: 10%
Magic:  2/14       EV: 16    Int: 14    God:    Cheibriados [***...]
Gold:   603        SH:  2    Dex: 22    Spells: 0 memorised, 10 levels left

rFire  . . .     SeeInvis .     u - +3 morningstar
rCold  . . .     Gourm    +     l - +0 troll leather armour
rNeg   . . .     Faith    .     (no shield)
rPois  .         Spirit   .     (helmet restricted)
rElec  .         Reflect  +     x - +1 cloak
rCorr  .         Harm     .     (gloves unavailable)
MR     .....                    (boots unavailable)
Stlth  ++........               E - +2 amulet of reflection
                                (no ring)
                                (no ring)

@: very slightly contaminated, invisible, very slow
A: unfitting armour, claws 3, fast metabolism 3, gourmand, regeneration 1,
shaggy fur 1, tough skin 2
a: Bend Time, Temporal Distortion, Renounce Religion


You were on level 1 of the Lair of Beasts.
You worshipped Cheibriados.
Cheibriados was most pleased with you.
You were very full.

You visited 3 branches of the dungeon, and saw 11 of its levels.

You collected 603 gold pieces.

Inventory:

Hand Weapons
 u - a +3 morningstar (weapon)
 B - a +1 battleaxe of electrocution
Armour
 l - a +0 troll leather armour (worn)
 x - a +1 cloak (worn)
Jewellery
 o - an uncursed amulet of magic regeneration
 E - a +2 amulet of reflection (around neck)
Wands
 A - a wand of teleportation (3/9)
 C - a wand of polymorph (16/24)
Scrolls
 d - 5 scrolls of teleportation
 g - a scroll of fog
 j - 4 scrolls of amnesia
 k - 6 scrolls of identify
 n - a scroll of remove curse
 y - a scroll of enchant armour
Potions
 c - a potion of ambrosia {unknown}
 e - a potion of heal wounds
 f - 4 potions of curing
 h - 2 potions of berserk rage {unknown}
 i - 4 potions of cure mutation
 p - 4 potions of lignification {unknown}
 t - 2 potions of degeneration {unknown}
 v - 2 potions of resistance
Comestibles
 a - a chunk of flesh
 b - 13 bread rations
 q - a royal jelly
 s - a slice of pizza
 w - 4 meat rations


   Skills:
 - Level 2.4 Fighting
 + Level 1.9 Armour
 - Level 7.4 Dodging
 - Level 1.0 Stealth
 + Level 12.8 Unarmed Combat
 - Level 5.6 Invocations
 - Level 3.0 Evocations


You had 10 spell levels left.
You didn't know any spells.

Dungeon Overview and Level Annotations

Branches:
Dungeon (9/15)             Temple (1/1) D:5            Lair (1/6) D:9
    Orc: D:9-12

Altars:
Ashenzari
Cheibriados
Dithmenos
Elyvilon
Fedhas
Gozag
Hepliaklqana
Kikubaaqudgha
Makhleb
Nemelex Xobeh
Okawaru
Qazlal
Ru
Sif Muna
Trog
Uskayaw
Vehumet
Xom
Yredelemnul
Zin
The Shining One


Innate Abilities, Weirdness & Mutations

You are too large for most types of armour.
You have claws for hands.
Your metabolism is lightning-fast.
You like to eat raw meat.
Your natural rate of healing is unusually fast.
You are covered in fur. (AC +1)
You have very tough skin. (AC +2)


Message History

The eight-headed hydra bites you.
The eight-headed hydra barely misses you.
The eight-headed hydra bites you.
The eight-headed hydra barely misses you.
The eight-headed hydra closely misses you.
The eight-headed hydra bites you!
The eight-headed hydra closely misses you.
The eight-headed hydra bites you!
* * * LOW HITPOINT WARNING * * *
You fade into invisibility!
The eight-headed hydra closely misses you.
The eight-headed hydra misses you. The eight-headed hydra bites you!
* * * LOW HITPOINT WARNING * * *
The eight-headed hydra bites you but does no damage.
The eight-headed hydra misses you. The eight-headed hydra bites you.
* * * LOW HITPOINT WARNING * * *
The eight-headed hydra barely misses you. x2
You are very lightly contaminated with residual magic.
The eight-headed hydra bites you!
You die...

#.### ### #...##
######.#####....##
####................###.
........# #?.........#..
#..#@# ##............
#..D###......>...#.#
###..................
#...............#####
#.#.#...#####....#
##......## #.####
##P.##...# ###
###P...#...#
#.#.#........#


You could see an eight-headed hydra.

Vanquished Creatures
  A deep elf mage (D:7)
  A hill giant (D:7)
  Joseph (D:7)
  2 trolls (D:9)
  A hornet (D:8)
  A two-headed ogre (D:9)
  5 hippogriffs
  A spriggan (D:8)
  2 wyverns
  2 hungry ghosts
  3 yaks (D:9)
  2 porcupines (Lair:1)
  An orc warrior (D:8)
  A sky beast (D:7)
  A black bear (D:9)
  6 ogres
  3 wolves
  2 centaurs (D:8)
  2 big kobolds
  Blork the orc (D:4)
  9 bullfrogs
  2 scorpions
  8 wights (D:7)
  3 killer bees
  4 electric eels (D:9)
  A howler monkey (D:6)
  A crimson imp (D:9)
  A bullfrog zombie (D:6)
  11 hounds
  3 jellies
  2 bullfrog skeletons
  3 orc priests
  A gnoll shaman (D:4)
  6 orc wizards
  4 iguanas
  3 worker ants
  A killer bee zombie (D:9)
  A hound zombie (D:7)
  4 hound skeletons
  A worker ant zombie (D:5)
  17 gnolls
  7 adders
  A river rat (D:5)
  4 shadow imps
  An ooze (D:3)
  4 adder zombies
  An adder skeleton (D:5)
  2 worms (D:5)
  3 dart slugs
  8 leopard geckos
  27 orcs
  A ball python (D:2)
  A bat skeleton (D:2)
  2 giant cockroaches
  5 goblins
  10 hobgoblins
  13 jackals
  14 kobolds
  5 quokkas
  11 bats
  7 frilled lizards
  2 giant cockroach zombies (D:2)
  A jackal zombie (D:6)
  2 leopard gecko skeletons
  A quokka skeleton (D:8)
  6 rats
  A fungus (Lair:1)
265 creatures vanquished.

Vanquished Creatures (others)
  A kobold (D:7)
  A fungus (Lair:1)
  A plant (D:4)
3 creatures vanquished.

Grand Total: 268 creatures vanquished

Notes
Turn   | Place    | Note
-------+----------+-------------------------------------------
     0 | D:1      | Minion the Troll Monk began the quest for the Orb.
     0 | D:1      | Reached XP level 1. HP: 22/22 MP: 0/0
   547 | D:1      | Reached XP level 2. HP: 29/29 MP: 1/1
   818 | D:1      | Reached skill level 4 in Unarmed Combat
   903 | D:2      | Reached XP level 3. HP: 34/36 MP: 2/2
  1042 | D:2      | Reached skill level 5 in Unarmed Combat
  1042 | D:2      | Reached XP level 4. HP: 44/44 MP: 3/3
  1531 | D:3      | Reached XP level 5. HP: 50/50 MP: 4/4
  1544 | D:3      | Reached skill level 1 in Evocations
  1715 | D:3      | Reached skill level 6 in Unarmed Combat
  2102 | D:4      | Reached XP level 6. HP: 59/59 MP: 6/6
  2161 | D:4      | Found a shadowy altar of Dithmenos.
  2447 | D:4      | Noticed Blork the orc
  2455 | D:4      | Killed Blork the orc
  2652 | D:4      | Reached XP level 7. HP: 66/66 MP: 8/8
  2967 | D:5      | Entered Level 5 of the Dungeon
  3014 | D:5      | Reached skill level 7 in Unarmed Combat
  3035 | D:5      | Found an ancient bone altar of Kikubaaqudgha.
  3062 | D:5      | Found a staircase to the Ecumenical Temple.
  3068 | Temple   | Entered the Ecumenical Temple
  3295 | Temple   | Became a worshipper of Cheibriados the Contemplative
  3295 | Temple   | Reached * piety under Cheibriados
  3295 | Temple   | Reached ** piety under Cheibriados
  3508 | D:5      | Reached skill level 1 in Invocations
  4104 | D:5      | Reached skill level 8 in Unarmed Combat
  4188 | D:6      | Reached XP level 8. HP: 74/74 MP: 9/9
  4412 | D:6      | Found a white marble altar of Elyvilon.
  4412 | D:6      | Found a basalt altar of Yredelemnul.
  4413 | D:6      | Found a hazy altar of Hepliaklqana.
  4417 | D:6      | Found a stormy altar of Qazlal.
  4418 | D:6      | Found an ancient bone altar of Kikubaaqudgha.
  4827 | D:7      | Reached *** piety under Cheibriados
  4862 | D:7      | Found a burning altar of Makhleb.
  4987 | D:7      | Reached skill level 9 in Unarmed Combat
  5031 | D:7      | Noticed a hill giant
  5053 | D:7      | Killed a hill giant
  5123 | D:7      | Reached XP level 9. HP: 40/80 MP: 10/10
  5187 | D:7      | Noticed a deep elf mage
  5201 | D:7      | Noticed a jumping spider
  5201 | D:7      | Noticed a demonic crawler
  5204 | D:7      | Noticed a soul eater
  5209 | D:7      | Killed a deep elf mage
  5209 | D:7      | Reached skill level 5 in Dodging
  5209 | D:7      | Reached skill level 10 in Unarmed Combat
  5352 | D:7      | Noticed Joseph
  5581 | D:8      | Paralysed by a hornet for 1 turns
  5896 | D:8      | Reached skill level 11 in Unarmed Combat
  5929 | D:8      | Found a sacrificial altar of Ru.
  5933 | D:8      | Found a sparkling altar of Nemelex Xobeh.
  5943 | D:8      | Reached skill level 5 in Invocations
  6112 | D:8      | Reached XP level 10. HP: 88/88 MP: 12/12
  6262 | D:8      | Found a glowing silver altar of Zin.
  6323 | D:7      | Killed Joseph
  6546 | D:7      | Found a hide-covered altar of Uskayaw.
  6696 | D:7      | Found a deep blue altar of Sif Muna.
  6814 | D:7      | Reached **** piety under Cheibriados
  6839 | D:7      | Found a glowing golden altar of the Shining One.
  7133 | D:8      | Reached skill level 12 in Unarmed Combat
  7908 | D:9      | Found a staircase to the Lair.
  8171 | D:9      | Reached XP level 11. HP: 36/94 MP: 14/14
  8304 | D:9      | Reached skill level 1 in Armour
  8308 | Lair:1   | Entered Level 1 of the Lair of Beasts
  8384 | Lair:1   | Noticed a six-headed hydra
  8656 | Lair:1   | Noticed an eight-headed hydra
  8674 | Lair:1   | Slain by an eight-headed hydra

Skill      XL: |  1  2  3  4  5  6  7  8  9 10 11 |
---------------+----------------------------------+-----
Unarmed Combat | 4 5 6 8 9 11 12 | 12.8
Evocations     | 1 2 3 |  3.0
Invocations    | 2 5 |  5.6
Dodging        | 4 5 7 |  7.4
Armour         | 1 |  1.9
Fighting       | |  2.4
Stealth        | |  1.0

Action                   |  1- 3 |  4- 6 |  7- 9 | 10-12 || total
-------------------------+-------+-------+-------+-------++-------
Melee: Unarmed           |    87 |   137 |   250 |   205 ||   679
       Punch             |       |     3 |    19 |    15 ||    37
       Morningstar       |       |       |       |     1 ||     1
Invok: Bend Time         |       |       |    11 |     9 ||    20
       Temporal Distorti |       |       |     3 |     8 ||    11
       Slouch            |       |       |       |     1 ||     1
 Abil: Evoke Berserk Rag |       |     1 |       |       ||     1
Evoke: Wand              |       |       |       |     3 ||     3
  Use: Scroll            |       |       |    16 |     4 ||    20
       Potion            |       |       |     2 |     7 ||     9
 Stab: Sleeping          |     3 |     3 |     6 |     2 ||    14
       Distracted        |       |       |     1 |     2 ||     3
  Eat: Chunk             |    12 |    15 |    34 |    16 ||    77
       Meat ration       |       |       |     1 |       ||     1
       Beef jerky        |       |       |     1 |       ||     1
Armor: Robe              |    39 |    37 |    78 |    47 ||   201
       Troll leather arm |       |       |       |    12 ||    12
Dodge: Dodged            |    34 |    54 |   133 |   249 ||   470
Block: Other             |       |       |    14 |    24 ||    38
       Reflection        |       |       |     1 |     2 ||     3
